 Dungeon Crawl Stone Soup version 0.30-a0-862-g1aabd4f9c5 (webtiles) character file.

Game seed: 17369194641594445437

3 Esekla the Sneak (level 1, 0/16 HPs)
             Began as an Octopode Delver on Mar 10, 2023.
             Slain by a kobold brigand
             ... wielding a +0 club
              (7 damage)
             ... on level 5 of the Dungeon.
             The game lasted 00:00:19 (21 turns).

Esekla the Sneak (Octopode Delver)                    Turns: 21, Time: 00:00:20

Health: 0/16       AC:  1    Str: 11    XL:     1   Next: 50%
Magic:  1/1        EV: 13    Int: 12    God:
Gold:   0          SH:  0    Dex: 13    Spells: 0/0 levels left

rFire   . . .      SeeInvis .    a - +0 falchion
rCold   . . .      Faith    .    (no shield)
rNeg    . . .      Spirit   .    (helmet restricted)
rPois   .          Reflect  .    (no amulet)
rElec   .          Rampage  .    (no ring)
rCorr   .                        (no ring)
Will    .....                    (no ring)
Stlth   ++++                     (no ring)
HPRegen 0.22/turn                (no ring)
MPRegen 0.07/turn                (no ring)
                                 (no ring)
                                 (no ring)

@: no status effects
A: almost no armour, amphibious, 8 rings, camouflage 1, gelatinous body 1,
(nimble swimmer 1), tentacles
a: no special abilities


You were on level 5 of the Dungeon.
You visited 1 branch of the dungeon, and saw 1 of its levels.

Inventory:

Hand Weapons
 a - a +0 falchion (weapon)
Wands
 f - a wand of digging (3)
Scrolls
 b - a scroll of fog
 d - a scroll of fear
Potions
 e - a potion of haste


   Skills:
 * Level 3.0 Fighting
 * Level 2.0 Long Blades
 * Level 2.0 Dodging
 + Level 6.7 Stealth


You couldn't memorise any spells.
You didn't know any spells.
Your spell library was empty.

Dungeon Overview and Level Annotations

Branches:
Dungeon (5/15)
 Temple: D:4-7

Altars:


Innate Abilities, Weirdness & Mutations

You cannot wear most types of armour.
You are amphibious.
You can wear up to eight rings at the same time.
Your skin changes colour to match your surroundings (Stealth+).
Your rubbery body absorbs attacks. (AC +1, EV +1)
((You are camouflaged when in or above water. (Stealth+)))
You have tentacles for arms and can constrict up to eight enemies at once.


Message History

You constrict the kobold.
You kill the kobold!
A kobold brigand comes into view.
It is wielding a +0 club and quivering poisoned darts.
The kobold barely misses you.
The kobold brigand hits you with a +0 club.
You hit the kobold brigand. Your grab misses the kobold brigand.
The kobold brigand is lightly wounded.
You hit the kobold brigand. You grab the kobold brigand.
The kobold brigand is moderately wounded.
You constrict the kobold brigand. The kobold misses you.
You hit the kobold but do no damage. You grab the kobold.
You squeeze the kobold.
The kobold is severely wounded.
You constrict the kobold brigand.
You constrict the kobold, but do no damage.
The kobold brigand barely misses you. The kobold barely misses you.
You hit the kobold brigand.
The kobold brigand is heavily wounded.
You constrict the kobold brigand.
You constrict the kobold, but do no damage.
The kobold brigand barely misses you. The kobold misses you.
You hit the kobold brigand. You squeeze the kobold brigand.
The kobold brigand is almost dead.
You constrict the kobold brigand.
You constrict the kobold, but do no damage.
The kobold brigand hits you with a +0 club.
The kobold hits you but does no damage. The kobold brigand misses you.
The kobold closely misses you.
You hit the kobold but do no damage.
The kobold is severely wounded.
You constrict the kobold brigand.
You constrict the kobold, but do no damage.
The kobold brigand hits you with a +0 club.
The kobold closely misses you.
You hit the kobold brigand but do no damage.
The kobold brigand is almost dead.
You constrict the kobold brigand. You constrict the kobold.
You kill the kobold!
The kobold brigand hits you with a +0 club!
You die...

*,,,,,,,,,,,*,,,,,,,,*,,,,,,
*,,,,,,,,,,,+,,,,,,,,*,,,,,,
*,,,,,,,,,,,#####*,,,***,**,
************....**,,,***,***
*...,+,,,,,,*,,,,
*..,,*,,,,,,+,,,,
########.,,,*+***,**,**,
#....K)K##,,,,,,*,**,**,
*,,,,,#@)#,,,,,,*,,,,,,,
*,,,,,#..#,,,,,,*,,,,,,,
*,,,,,#..#,,,,,,*,,,,**+
#,,,,,#..#,,,,,,*,,,,*,,
#.######'#,,,,,,*,,,,*,,
#........#,,,,,,*,,,,*,,
##.......##******,,,,*,,
#.........# *,,,,,*,,
#.......>.# *,,,,,+,,


You could see a kobold brigand and a kobold.

Vanquished Creatures
  5 kobolds (D:5)
5 creatures vanquished.

Notes
Turn   | Place    | Note
-------+----------+-------------------------------------------
     0 | D:5      | Esekla the Octopode Delver began the quest for the Orb.
     0 | D:5      | Reached XP level 1. HP: 16/16 MP: 1/1
    14 | D:5      | Noticed a kobold brigand
    21 | D:5      | Slain by a kobold brigand

Illustrated notes

Levels and vault maps discovered:
D:5:      layout_gridville, kennysheep_little_box, fedhas_altar_2,
          gammafunk_ghost_arena, minmay_misc_feat_roman

Action                     || total
---------------------------++-------
  Melee: Falchion          ||    12
         Constrict         ||     4
         Tentacles         ||     3
    Use: Scroll            ||     1
 Armour: Skin              ||     1
  Dodge: Dodged            ||    11

Table legend: (Time is in decaauts)
 A = Elapsed time spent in this place.
 B = Non-inter-level travel time spent in this place.
 C = Inter-level travel time spent in this place.
 D = Time resting spent in this place.
 E = Time spent auto-exploring this place.
 F = Levels seen in this place.
 G = Mean time per level.
                   A        B        C        D        E       F      G
               +--------+--------+--------+--------+--------+-----+--------+
         Total |     23 |     23 |      0 |      0 |      0 |   1 |   23.0 |
       Dungeon |     23 |     23 |      0 |      0 |      0 |   1 |   23.0 |
               +--------+--------+--------+--------+--------+-----+--------+

Top non-repeatable levels by time:
     D:5: 23 daAuts
